 Dungeon Crawl Stone Soup version 0.28-a0-1435-g82390b3a13 (webtiles) character file.

Game seed: 7520215394096723341

254585 SensoryNuts the Peltast (level 19, -1/170 HPs)
             Began as a Demonspawn Fighter on Jan 10, 2022.
             Was the Champion of Qazlal.
             Slain by a bennu (13 damage)
             ... on level 2 of the Tomb of the Ancients.
             The game lasted 01:29:31 (47157 turns).

SensoryNuts the Peltast (Demonspawn Fighter)       Turns: 47157, Time: 01:29:31

Health: -1/170     AC: 37    Str: 23    XL:     19   Next: 40%
Magic:  19/21      EV: 15    Int: 12    God:    Qazlal [******]
Gold:   3211       SH: 23    Dex: 24    Spells: 18/18 levels left

rFire   . . .      SeeInvis .   G - +8 demon blade "Leech" {vamp, Harm Drain rN+}
rCold   + . .      Faith    .   g - +0 buckler of Herireq {rC+ Stlth+}
rNeg    + + .      Spirit   .   V - +3 pearl dragon scales
rPois   .          Reflect  +   F - +2 helmet
rElec   .          Harm     +   (cloak unavailable)
rCorr   .          Rampage  .   I - +2 pair of gloves {infuse}
Will    ++...                   p - +2 pair of boots
Stlth   +.........              m - amulet of reflection
HPRegen 0.38/turn               i - +6 ring of dexterity
MPRegen 0.17/turn               q - +6 ring of dexterity

@: about to teleport, protected from physical damage, repel missiles
A: rugged brown scales 3, demonic guardian 1, augmentation 1, demonic magic 2,
weakness stinger 3, hooves 1, strong-willed 1, passive freeze
}: 1/15 runes: gossamer
a: Renounce Religion, Upheaval, Elemental Force, Disaster Area


You were on level 2 of the Tomb of the Ancients.
You worshipped Qazlal.
Qazlal was exalted by your worship.
You visited 7 branches of the dungeon, and saw 29 of its levels.
You visited the Abyss 1 time.
You also visited: Ossuary.

You collected 3562 gold pieces.
You spent 351 gold pieces at shops.

Inventory:

Hand Weapons
 a - a +2 long sword of chaos
 y - the +8 halberd of the Dove {elec, Contam rF- Dex+8 SInv}
   (You found it on level 7 of the Dungeon)

   It occasionally discharges a powerful burst of electricity upon striking a
   foe.
   Dex:       It affects your dexterity (+8).
   rF:        It makes you vulnerable to fire.
   SInv:      It lets you see invisible.
   Contam:    It causes magical contamination when unequipped.
 G - the +8 demon blade "Leech" (weapon) {vamp, Harm Drain rN+}
   (You acquired it on level 10 of the Dungeon)

   It heals its wielder for a portion of the damage dealt every time it strikes
   a living foe.
   rN:        It protects you from negative energy.
   Drain:     It drains your maximum health when unequipped.
   Harm:      It increases damage dealt and taken.
Missiles
 C - 4 throwing nets (quivered)
Armour
 g - the +0 buckler of Herireq (worn) {rC+ Stlth+}
   (You acquired it on level 3 of the Spider Nest)

   rC:        It protects you from cold.
   Stlth:     It makes you more stealthy.
 p - a +2 pair of boots (worn)
 F - a +2 helmet (worn)
 I - a +2 pair of gloves of infusion (worn)
 V - +3 pearl dragon scales (worn)
Jewellery
 b - a +4 ring of slaying
 i - a +6 ring of dexterity (left hand)
 m - an amulet of reflection (around neck)
 o - a ring of flight
 q - a +6 ring of dexterity (right hand)
 u - a +6 ring of strength
 x - a ring of protection from fire
 N - a ring of poison resistance
 Z - a ring of wizardry
Wands
 d - a wand of digging (9)
 j - a wand of mindburst (6)
 t - a wand of acid (27)
 A - a wand of iceblast (33)
 J - a wand of polymorph (2)
 M - a wand of paralysis (11)
 R - a wand of flame (34)
 X - a wand of charming (11)
Scrolls
 c - 3 scrolls of immolation
 f - 5 scrolls of teleportation
 h - 2 scrolls of torment
 r - a scroll of fear
 B - 11 scrolls of identify
 E - 4 scrolls of amnesia
 P - 2 scrolls of fog
Potions
 e - 3 potions of ambrosia
 k - 6 potions of curing
 l - 3 potions of attraction
 n - 3 potions of cancellation
 s - 3 potions of brilliance
 w - 2 potions of magic
 z - 3 potions of degeneration
 U - a potion of might
Miscellaneous
 D - a lightning rod (4/4)
 O - a piece from Xom's chessboard (15/15)
 Q - a condenser vane
 S - a phantom mirror (inert)
 W - a piece from Xom's chessboard (15/15)
 Y - a phantom mirror (inert)


   Skills:
 + Level 16.7 Fighting
 + Level 18.0 Long Blades
 + Level 15.4 Armour
 + Level 6.9 Dodging
 + Level 4.6 Stealth
 + Level 18.5 Shields
 + Level 3.2 Invocations
 + Level 0.8 Evocations


You had 18 spell levels left.
You didn't know any spells.
Your spell library contained the following spells:

 Spells                   Type           Power      Damage    Failure   Level
 Beastly Appendage        Tmut           0%         N/A       63%         1
 Magic Dart               Conj           0%         1d3       63%         1
 Shock                    Conj/Air       0%         1d3       63%         1
 Slow                     Hex            0%         N/A       63%         1
 Sting                    Tmut/Pois      0%         1d3       63%         1
 Call Imp                 Summ           0%         N/A       77%         2
 Corpse Rot               Necr/Air       0%         N/A       77%         2
 Passwall                 Tmut/Erth      0%         N/A       77%         2
 Poisonous Vapours        Pois/Air       0%         N/A       77%         2
 Scorch                   Fire           0%         2d5       77%         2
 Wereblood                Tmut           0%         N/A       77%         2
 Confusing Touch          Hex            0%         N/A       94%         3
 Mephitic Cloud           Conj/Pois/Air  0%         N/A       94%         3
 Spider Form              Tmut/Pois      0%         N/A       94%         3
 Swiftness                Air            0%         N/A       94%         3
 Tukima's Dance           Hex            0%         N/A       94%         3
 Vampiric Draining        Necr           0%         2d6       94%         3
 Airstrike                Air            0%         N/A       100%        4
 Flame Wave               Conj/Fire      0%         2d4       100%        4
 Leda's Liquefaction      Hex/Erth       0%         N/A       100%        4
 Olgreb's Toxic Radiance  Pois           0%         N/A       100%        4
 Passage of Golubria      Tloc           0%         N/A       100%        4
 Silence                  Hex/Air        0%         N/A       100%        5
 Yara's Violent Unravell  Hex/Tmut       0%         3d3       100%        5
 Conjure Ball Lightning   Conj/Air       0%         3x3d6     100%        6
 Simulacrum               Ice/Necr       0%         N/A       100%        6
 Summon Cactus Giant      Summ           0%         N/A       100%        6
 Borgnjor's Revivificati  Necr           0%         N/A       100%        8
 Lehudib's Crystal Spear  Conj/Erth      0%         10d2      100%        8
 Necromutation            Tmut/Necr      0%         N/A       100%        8
 Death's Door             Necr           0%         N/A       100%        9


Dungeon Overview and Level Annotations

Branches:
Dungeon (13/15)            Temple (1/1) D:4            Lair (4/6) D:8
  Snake (0/4) Lair:4       Spider (4/4) Lair:4          Orc (0/2) D:9
 Vaults (2/5) D:13          Crypt (3/3) Vaults:2       Tomb (2/3) Crypt:3
Ossuary (visited)

Altars:
Ashenzari
Cheibriados
Dithmenos
Elyvilon
Fedhas
Gozag
Hepliaklqana
Kikubaaqudgha
Makhleb
Nemelex Xobeh
Okawaru
Qazlal
Ru
Sif Muna
Trog
Uskayaw
Vehumet
Wu Jian
Xom
Yredelemnul
Zin
The Shining One

Shops:
D:4 [:**   D:7 =   D:8 *   D:10 *

Annotations:
D:5 2 transporters, gimp's ghost, amateur MiGl
Vaults:1 exclusion: orange crystal statue


Innate Abilities, Weirdness & Mutations

You are completely covered in rugged brown scales. (AC +3, +7% HP)
A weak demonic guardian rushes to your aid.
Your magical and physical power is slightly enhanced at high health.
Spells you cast may paralyse nearby enemies.
You have a sharp stinger which inflicts weakening toxins.
You have large cloven feet.
You are strong-willed. (Will+)
A frigid envelope surrounds you and freezes all who hurt you.


Message History

The bennu is very cold.
The bennu is moderately wounded.
The bennu misses you.
Your hellwing closely misses the bennu.
Your hellwing completely misses the bennu.
The bennu jubilantly flits about.
The bennu closely misses you. You block the bennu's attack. x2
As you read the scroll of teleportation, it crumbles to dust.
You feel strangely unstable.
You hear a hideous shriek!
The bennu barely misses you. The bennu claws you but does no damage.
The bennu is very cold.
The bennu is heavily wounded.
You block the bennu's attack.
A flying skull comes into view.
A royal mummy comes into view. x2
The royal mummy mumbles some strange words.
Send 'em back where they came from!
Your hellwing disappears in a puff of smoke!
The bennu pecks you but does no damage.
The bennu is very cold.
The bennu is lightly wounded.
You block the bennu's attack. x2; The bennu is struck by lightning.
The bennu pecks you.
* * * LOW HITPOINT WARNING * * *
The bennu sears you!!
* * * LOW HITPOINT WARNING * * *
A demonic guardian appears!
The bennu is very cold.
The bennu is severely wounded.
The bennu barely misses you. The bennu misses you.
The guardian mummy is engulfed in freezing vapours.
Okay, then.
As you read the scroll of fear, it crumbles to dust.
You assume a fearsome visage.
The royal mummy is unaffected.
The lich is unaffected.
The royal mummy is unaffected.
The guardian mummy is unaffected.
The bennu resists with almost no effort.
The mummy is unaffected. x2; The guardian mummy is unaffected.
The bennu easily resists.
The royal mummy is unaffected. x2
The flying skull is unaffected.
The ushabti is unaffected.
The guardian mummy is unaffected.
You block the bennu's attack. x2
The bennu completely misses you. The bennu pecks you!
You die...

............^..
.............M.
..M........?...
.^...#...#?....
.......L....$^.
.....°.☼°......
.....°°.§......
.....§M@b..MM..
...M.4.°b○.....
.....M.°.°.....
...............
...9...........
......$..!.....
.......z...M...
M..............
.....#...#.....


You could see 4 royal mummies, a lich, 2 bennus, 3 guardian mummies, an ushabti,
a flying skull, 2 mummies and a friendly hellwing (summoned).

Vanquished Creatures
  2 royal mummies (Tomb:1)
  The ghost of Vyamogif the Executioner, a veteran FoFi of Dithmenos (Crypt:1)
  Bai Suzhen (Spider:3)
  Jory (Crypt:3)
  Arachne (Spider:4)
  Mlioglotl (Spider:4)
  2 liches
  Asterion (Spider:3)
  2 tentacled starspawn (Abyss:2)
  3 ancient champions
  The ghost of Fahoxeolau the Severer, an adept MiBe of Trog (Lair:4)
  5 sphinxes (Tomb:1)
  3 revenants (Crypt:3)
  3 vault wardens (Vaults:2)
  3 emperor scorpions (Spider:4)
  9 ghost moths
  2 curse skulls
  An orc warlord (Vaults:2)
  8 ghouls
  6 ironbound preservers
  A juggernaut zombie (Crypt:3)
  A stone giant (Vaults:1)
  A broodmother (Spider:2)
  17 vampire knights
  6 very ugly things (Vaults:1)
  6 ironbound thunderhulks
  2 spark wasps (Spider:4)
  4 entropy weavers
  A blizzard demon (Abyss:2)
  3 dire elephants (Vaults:1)
  4 eidola
  2 deep elf death magi (Crypt:2)
  7 mummy priests
  10 jiangshi
  2 yaktaur captains
  7 vault guards (Vaults:2)
  A jorogumo (Spider:2)
  A rakshasa (Abyss:2)
  4 ironbound frosthearts
  A great orb of eyes (Vaults:2)
  A centaur warrior (D:13)
  2 boulder beetles
  An ogre mage (Vaults:2)
  A spriggan skeleton (Crypt:1)
  A radroach (Spider:3)
  3 hydras
  4 dancing weapons (Crypt:3)
  2 death knights (Crypt:1)
  19 death scarabs (Tomb:1)
  A fenstrider witch skeleton (Abyss:2)
  A two-headed ogre (D:9)
  3 hell hogs (Abyss:2)
  4 thrashing horrors (Abyss:2)
  13 vampire magi
  A titan zombie (Crypt:3)
  A soul eater (Crypt:3)
  Nergalle (Lair:1)
  A titan skeleton (Abyss:2)
  4 storm dragon zombies (Crypt:3)
  3 wretched stars (Abyss:2)
  6 shadow wraiths
  6 skeletal warriors
  4 golden dragon zombies (Crypt:3)
  5 pharaoh ants
  An anaconda zombie (Tomb:1)
  2 sun moths (Spider:4)
  11 steelbarb worms
  13 deep trolls
  4 flayed ghosts
  3 bog bodies
  18 orb spiders
  Pikel (D:8)
  4 wizards
  2 necromancers
  4 orc knights (Vaults:2)
  7 lindwurms
  8 ironbound convokers
  An iron dragon zombie (Crypt:3)
  15 phantasmal warriors
  A frost giant zombie (Crypt:3)
  6 ugly things
  23 wolf spiders
  2 cyclopes (D:13)
  5 elephants (Lair:3)
  29 slime creatures
  2 shock serpent zombies
  3 moths of wrath
  3 black mambas
  9 vault sentinels
  Maurice (D:9)
  2 smoke demons (Abyss:2)
  A dire elephant skeleton (Crypt:1)
  7 cane toads
  Joseph (D:8)
  5 torpor snails
  3 unseen horrors
  4 rime drakes
  A shock serpent skeleton (Crypt:2)
  A white draconian zombie (Crypt:3)
  18 demonic crawlers
  3 freezing wraiths (Crypt:1)
  2 tengu conjurers (D:13)
  Maggie (D:6)
  A kobold demonologist (D:12)
  7 yaktaurs (Vaults:2)
  11 komodo dragons
  An ice devil (Abyss:2)
  2 ancient zymes (Abyss:2)
  8 guardian mummies (Tomb:1)
  A hydra zombie (Tomb:1)
  A polar bear (Lair:3)
  3 harpy zombies
  12 meliai
  An iron troll skeleton (Crypt:1)
  7 hornets
  2 trolls
  47 tarantellas
  3 blink frogs (Abyss:2)
  2 raiju (Abyss:2)
  A centaur simulacrum (D:12)
  25 jumping spiders
  A guardian serpent skeleton (Crypt:2)
  2 large abominations (Abyss:2)
  13 vampires (Crypt:3)
  6 starcursed masses (Abyss:2)
  33 yaks
  A fire dragon skeleton (Crypt:3)
  28 culicivoras
  4 wyverns
  Sigmund (D:2)
  3 fire bats (Abyss:2)
  A satyr skeleton (Crypt:2)
  5 wraiths
  A dire elephant simulacrum (Crypt:1)
  3 ushabtiu (Tomb:1)
  A tyrant leech zombie (Crypt:2)
  A steam dragon (D:9)
  4 basilisks
  2 neqoxecs (Abyss:2)
  59 redbacks
  A chaos spawn (Abyss:2)
  Menkaure (D:6)
  2 nagas (Lair:4)
  A faun zombie (Crypt:1)
  6 water moccasins
  5 small abominations (Abyss:2)
  6 orc warriors
  A black bear (D:7)
  A merfolk skeleton (Crypt:1)
  A swamp dragon zombie (Crypt:1)
  A black mamba simulacrum (Abyss:2)
  An ice beast (D:6)
  6 necrophages
  2 sky beasts
  A snapping turtle zombie (Crypt:2)
  2 cane toad skeletons
  A centaur (D:9)
  2 ogres
  13 wolves
  8 boggarts
  A phantom (D:7)
  A komodo dragon zombie (Crypt:2)
  4 kobold brigands
  10 bullfrogs
  2 gnoll sergeants
  A cyclops zombie (Crypt:3)
  4 scorpions
  A wyvern skeleton (D:4)
  21 killer bees
  4 howler monkeys (D:7)
  A bullfrog zombie (D:7)
  7 centaur zombies
  A human zombie (Ossuary)
  A hound (D:6)
  A jelly (Abyss:2)
  2 quasits (Abyss:2)
  3 orc priests
  Crazy Yiuf (D:6)
  A black bear skeleton (Crypt:1)
  6 orc wizards
  3 iguanas
  Natasha (thrice) (D:2)
  2 killer bee zombies
  A felid zombie (Crypt:3)
  An ogre skeleton (Crypt:1)
  A tengu skeleton (Crypt:1)
  A deep dwarf skeleton (Crypt:3)
  19 mummies
  11 gnolls
  A howler monkey skeleton (D:5)
  9 adders
  2 white imps (D:6)
  2 ufetubi (Abyss:2)
  2 worms
  An iguana skeleton (Crypt:1)
  A barachi zombie (Crypt:1)
  3 dart slugs
  25 orcs
  14 endoplasms
  2 gnoll zombies (Ossuary)
  4 hobgoblins
  6 jackals
  17 kobolds
  2 quokkas (D:2)
  6 ball pythons
  6 bats
  3 frilled lizards
  5 goblins
  5 goblin zombies (Ossuary)
  4 hobgoblin zombies (Ossuary)
  A kobold zombie (Crypt:2)
  An orc zombie (Ossuary)
  A quokka skeleton (Crypt:1)
  6 rats
  A lurking horror (Abyss:2)
  A starspawn tentacle (Abyss:2)
1064 creatures vanquished.

Vanquished Creatures (collateral kills)
  A vault warden (Vaults:1)
  A yaktaur captain (Vaults:1)
  A deep troll (Vaults:1)
  A wizard (Vaults:1)
  An ushabti (Tomb:1)
  A mummy (Tomb:1)
6 creatures vanquished.

Vanquished Creatures (others)
  Erica (D:9)
  An ufetubus (Abyss:2)
  5 fungi
  A lurking horror (Abyss:2)
  48 plants
  8 starspawn tentacles (Abyss:2)
64 creatures vanquished.

Grand Total: 1134 creatures vanquished

Notes
Turn   | Place    | Note
-------+----------+-------------------------------------------
     0 | D:1      | SensoryNuts the Demonspawn Fighter began the quest for the
                  | Orb.
     0 | D:1      | Reached XP level 1. HP: 18/18 MP: 1/1
   294 | D:1      | Gained mutation: Spells you cast may paralyse adjacent
                  | enemies. [demonic ancestry]
   294 | D:1      | Reached XP level 2. HP: 24/24 MP: 2/2
   510 | D:1      | Found a faded altar of an unknown god.
  1110 | D:1      | Gained mutation: You have a small tail. [demonic ancestry]
  1110 | D:1      | Reached XP level 3. HP: 23/29 MP: 3/3
  1126 | D:1      | HP: 1/29 [bat (1)]
  1588 | D:1      | Prayed at the altar of an unknown god.
  1588 | D:1      | Became a worshipper of Qazlal Stormbringer
  1588 | D:1      | Reached * piety under Qazlal
  1711 | D:2      | Noticed Sigmund
  1726 | D:2      | Killed Sigmund
  1727 | D:2      | Reached skill level 1 in Dodging
  1727 | D:2      | Gained mutation: You are partially covered in rugged brown
                  | scales. (AC +1, +3% HP) [demonic ancestry]
  1727 | D:2      | Reached XP level 4. HP: 10/36 MP: 4/4
  1727 | D:2      | Reached XP level 5. HP: 12/42 MP: 5/5
  1960 | D:2      | Noticed Natasha
  1975 | D:2      | Killed Natasha
  2130 | D:2      | Noticed Natasha
  2135 | D:2      | Killed Natasha
  2348 | D:2      | Found a snail-covered altar of Cheibriados.
  2457 | D:2      | Noticed Natasha
  2465 | D:2      | Killed Natasha
  2466 | D:2      | Gained mutation: You are mostly covered in rugged brown
                  | scales. (AC +2, +5% HP) [demonic ancestry]
  2466 | D:2      | Reached XP level 6. HP: 39/49 MP: 6/6
  2885 | D:3      | Reached ** piety under Qazlal
  3060 | D:3      | Found a faded altar of an unknown god.
  3063 | D:3      | Found a basalt altar of Yredelemnul.
  3097 | D:3      | Found an iron altar of Okawaru.
  3166 | D:3      | Found a radiant altar of Vehumet.
  3348 | D:4      | Reached XP level 7. HP: 53/55 MP: 7/7
  3349 | D:4      | Reached skill level 5 in Long Blades
  3493 | D:4      | Found Appiloji's Book Emporium.
  3577 | D:4      | Found Ockume's Assorted Antiques.
  3583 | D:4      | Bought a scroll labelled COPICH GOUTEL for 28 gold pieces
  3583 | D:4      | Bought a scroll of identify for 56 gold pieces
  3583 | D:4      | Bought a pair of gloves for 126 gold pieces
  3591 | D:4      | Found a staircase to the Ecumenical Temple.
  3654 | D:4      | Found Ureimnak's General Store.
  3915 | D:4      | Found Oqihikk's Antique Armour Shop.
  4213 | Temple   | Entered the Ecumenical Temple
  4603 | D:5      | Entered Level 5 of the Dungeon
  4702 | D:5      | Found a sand-covered staircase.
  4707 | Ossuary  | Entered an ossuary
  4814 | Ossuary  | Reached *** piety under Qazlal
  4993 | D:5      | Got Gaipros's Tome of Virous Air
  5037 | D:5      | Found a broken altar of Ashenzari.
  5173 | D:5      | Gained mutation: You have a tail ending in a sharp stinger.
                  | [demonic ancestry]
  5173 | D:5      | Reached XP level 8. HP: 56/64 MP: 8/8
  5351 | D:5      | Found a transporter.
  5354 | D:5      | Noticed gimp's ghost (amateur MiGl)
  5355 | D:5      | Found a transporter.
  5809 | D:6      | Noticed Menkaure
  5814 | D:6      | Killed Menkaure
  6077 | D:6      | Found a blossoming altar of Fedhas.
  6249 | D:6      | Noticed a red ugly thing
  6824 | D:6      | Found a runed translucent door.
  6825 | D:6      | Noticed Crazy Yiuf
  6875 | D:6      | Reached skill level 1 in Stealth
  6993 | D:6      | Noticed Maggie
  7007 | D:6      | Killed Maggie
  7008 | D:6      | Reached skill level 5 in Shields
  7346 | D:6      | Killed Crazy Yiuf
  7537 | D:7      | Found Heiwn's Jewellery Boutique.
  7639 | D:7      | Reached skill level 5 in Fighting
  7718 | D:7      | Reached skill level 5 in Armour
  7718 | D:7      | Reached XP level 9. HP: 71/71 MP: 9/9
  7769 | D:7      | Identified the +8 halberd of the Dove {elec, Contam rF-
                  | Dex+8 SInv}
  8967 | D:8      | Noticed a komodo dragon
  9293 | D:8      | Killed a komodo dragon
  9293 | D:8      | Reached **** piety under Qazlal
  9666 | D:8      | Noticed Joseph
  9731 | D:7      | Killed an unseen horror
  9878 | D:8      | Killed Joseph
  9879 | D:8      | Reached XP level 10. HP: 74/79 MP: 10/10
 10208 | D:8      | Found Hoavuur's Assorted Antiques.
 10220 | D:8      | Found a shadowy altar of Dithmenos.
 10385 | D:8      | Noticed Pikel
 10395 | D:8      | Killed Pikel
 10725 | D:8      | Noticed a five-headed hydra
 10735 | D:8      | Killed a ten-headed hydra
 10877 | D:8      | Found a staircase to the Lair.
 10989 | Lair:1   | Entered Level 1 of the Lair of Beasts
 10989 | Lair:1   | Noticed Nergalle
 11014 | Lair:1   | Killed Nergalle
 11221 | Lair:1   | Noticed an eight-headed hydra
 11510 | D:9      | Noticed a purple ugly thing
 11520 | D:9      | Noticed Erica
 11532 | D:9      | Killed a purple ugly thing
 11537 | D:9      | Killed Erica
 11547 | D:9      | Reached skill level 10 in Long Blades
 11691 | D:9      | Noticed a two-headed ogre
 11704 | D:9      | Killed a two-headed ogre
 11705 | D:9      | Gained mutation: You are completely covered in rugged brown
                  | scales. (AC +3, +7% HP) [demonic ancestry]
 11705 | D:9      | Reached XP level 11. HP: 45/88 MP: 11/11
 11901 | D:9      | Noticed Maurice
 11913 | D:9      | Killed Maurice
 11971 | D:9      | Found a staircase to the Orcish Mines.
 12338 | D:10     | Entered Level 10 of the Dungeon
 12676 | D:10     | Reached ***** piety under Qazlal
 12894 | D:10     | Found Orchih's Assorted Antiques.
 13148 | D:10     | Identified 3 scrolls of acquirement
 13149 | D:10     | Acquired a manual of Armour
 13151 | D:10     | Acquired a +0 pair of gloves of infusion
 13153 | D:10     | Acquired the +8 demon blade "Leech" {vamp, Harm Drain rN+}
 13153 | D:10     | Found the +8 demon blade "Leech" {vamp, Harm Drain rN+}
 13208 | D:11     | Identified the +1 chain mail "Kuocan" {rF++ rC- rN+ Dex+3}
 13333 | D:11     | Found a frozen archway.
 13491 | D:11     | Noticed a green ugly thing
 13500 | D:11     | Killed a green ugly thing
 14767 | D:13     | Noticed a wizard
 14768 | D:13     | Noticed a centaur warrior
 14772 | D:13     | Killed a wizard
 14776 | D:13     | Killed a centaur warrior
 14795 | D:13     | Found a gate to the Vaults.
 14896 | D:13     | Gained mutation: Spells you cast may paralyse nearby
                  | enemies. [demonic ancestry]
 14896 | D:13     | Reached XP level 12. HP: 98/98 MP: 9/12
 15805 | D:8      | Bought a cyan potion for 18 gold pieces
 15805 | D:8      | Bought a fuming brown potion for 18 gold pieces
 15805 | D:8      | Bought a potion of heal wounds for 105 gold pieces
 15807 | D:8      | Gained mutation: You are strong-willed. (Will+) [potion of
                  | mutation]
 15807 | D:8      | Gained mutation: A frigid envelope surrounds you and
                  | freezes all who hurt you. [potion of mutation]
 15807 | D:8      | Gained mutation: You have large cloven feet. [potion of
                  | mutation]
 16006 | Lair:1   | Killed a 12-headed hydra
 16487 | Lair:1   | Reached skill level 10 in Shields
 17270 | Lair:2   | Noticed a boulder beetle
 17276 | Lair:2   | Killed a boulder beetle
 18138 | Lair:3   | Reached skill level 10 in Armour
 18400 | Lair:3   | Reached XP level 13. HP: 108/108 MP: 11/13
 18647 | Lair:3   | Reached ****** piety under Qazlal
 19607 | Lair:4   | Found a staircase to the Snake Pit.
 19775 | Lair:4   | Found a large runed translucent door.
 19776 | Lair:4   | Found a large runed translucent door.
 19878 | Lair:4   | Found a hole to the Spider Nest.
 20084 | Lair:4   | Noticed Fahoxeolau's ghost (adept MiBe)
 20383 | Lair:4   | Killed Fahoxeolau's ghost
 20505 | Spider:1 | Entered Level 1 of the Spider Nest
 20540 | Lair:4   | Killed a ghost moth
 21245 | Spider:1 | Reached skill level 10 in Fighting
 21351 | Spider:1 | Reached XP level 14. HP: 115/117 MP: 11/14
 22596 | Spider:2 | Noticed a broodmother
 22612 | Spider:2 | Killed a broodmother
 22922 | Spider:2 | Killed a ghost moth
 24287 | Spider:3 | Reached skill level 15 in Long Blades
 24641 | Spider:3 | Killed a ghost moth
 24642 | Spider:3 | Gained mutation: You have a sharp stinger which inflicts
                  | weakening toxins. [demonic ancestry]
 24642 | Spider:3 | Reached XP level 15. HP: 128/128 MP: 2/15
 25377 | Spider:3 | Noticed Bai Suzhen
 25403 | Spider:3 | Killed Bai Suzhen
 26143 | Spider:4 | Entered Level 4 of the Spider Nest
 27132 | Spider:4 | Reached skill level 1 in Invocations
 27133 | Spider:4 | Noticed Mlioglotl
 27190 | Spider:4 | Killed Mlioglotl
 27430 | Spider:4 | Noticed Asterion
 27547 | Spider:4 | Noticed an Executioner
 27775 | Spider:3 | Noticed an Executioner
 27777 | Spider:3 | Killed Asterion
 28054 | Spider:4 | Noticed Arachne
 28447 | Spider:3 | Acquired the +0 buckler of Herireq {rC+ Stlth+}
 28653 | Spider:4 | Killed Arachne
 29063 | Spider:4 | Got the Collected Works on Dark Malediction
 29141 | Spider:4 | Reached skill level 15 in Shields
 29220 | Spider:4 | Reached XP level 16. HP: 137/138 MP: 12/17
 30594 | Spider:4 | Got a gossamer rune of Zot
 31561 | Vaults:1 | Entered Level 1 of the Vaults
 34860 | Vaults:2 | Gained mutation: Your magical and physical power is
                  | slightly enhanced at high health. [demonic ancestry]
 34860 | Vaults:2 | Reached XP level 17. HP: 135/147 MP: 12/18
 35862 | Vaults:2 | Cast into level 2 of the Abyss (a wizard)
 35903 | Abyss:2  | Found a corrupted altar of Lugonu.
 35941 | Abyss:2  | Found a corrupted altar of Lugonu.
 36047 | Abyss:2  | Noticed a bone dragon
 36056 | Abyss:2  | Noticed a bone dragon
 36208 | Abyss:2  | Identified the +4 great sword "Killer Klown's Regret"
                  | {vorpal, rCorr Str+3}
 36225 | Abyss:2  | Identified the +8 battleaxe of Ihyxyxah {pain, rC+ Dex+3}
 36474 | Vaults:2 | Escaped the Abyss
 36895 | Vaults:2 | Found a staircase to the Crypt.
 36895 | Vaults:2 | Found a basalt altar of Yredelemnul.
 36895 | Vaults:2 | Found an ancient bone altar of Kikubaaqudgha.
 36925 | Crypt:1  | Entered Level 1 of the Crypt
 37669 | Crypt:1  | Reached skill level 15 in Fighting
 37777 | Crypt:1  | Found a runed translucent door.
 37777 | Crypt:1  | Noticed Vyamogif's ghost (veteran FoFi)
 37821 | Crypt:1  | HP: 3/151 [Vyamogif's ghost (26)]
 37821 | Crypt:1  | HP: 1/151 [Vyamogif's ghost (2)]
 37821 | Crypt:1  | Killed Vyamogif's ghost
 38625 | Crypt:2  | Noticed a lich
 38628 | Crypt:2  | Killed a lich
 38648 | Crypt:2  | Reached skill level 5 in Dodging
 39082 | Crypt:2  | Reached XP level 18. HP: 159/159 MP: 17/20
 39857 | Crypt:3  | Entered Level 3 of the Crypt
 39988 | Crypt:3  | Reached skill level 15 in Armour
 40891 | Crypt:3  | Identified the +3 falchion of the Wasp {speed, rF- Dex+9}
 41052 | Crypt:3  | Noticed a lich
 41059 | Crypt:3  | Killed a lich
 41577 | Crypt:3  | Noticed Jory
 41597 | Crypt:3  | Killed Jory
 42020 | Crypt:3  | Identified the +11 short sword of the Freezing Sybil
                  | {protect, rPois}
 43259 | Crypt:3  | Found a staircase to the Tomb.
 43479 | Crypt:3  | Paralysed by something for 5 turns
 43489 | Crypt:3  | Paralysed by something for 4 turns
 43812 | Crypt:3  | Identified the +9 hunting sling of Hodel {flame, *Slow Fly
                  | rN+}
 44078 | Tomb:1   | Entered Level 1 of the Tomb of the Ancients
 44363 | Tomb:1   | Gained mutation: A weak demonic guardian rushes to your
                  | aid. [demonic ancestry]
 44363 | Tomb:1   | Reached XP level 19. HP: 169/169 MP: 16/21
 44454 | Tomb:1   | Noticed a royal mummy
 45514 | Tomb:1   | Killed a royal mummy
 45844 | Tomb:1   | HP: 5/170 [death scarab (19)]
 45847 | Tomb:1   | Noticed a royal mummy
 45848 | Tomb:1   | Noticed a royal mummy
 45848 | Tomb:1   | Noticed a royal mummy
 46271 | Tomb:1   | Noticed a royal mummy
 46291 | Tomb:1   | Killed a royal mummy
 47151 | Tomb:2   | Noticed a royal mummy
 47151 | Tomb:2   | Noticed a royal mummy
 47156 | Tomb:2   | Noticed a royal mummy
 47156 | Tomb:2   | Noticed a royal mummy
 47157 | Tomb:2   | Slain by a bennu

Illustrated notes

Levels and vault maps discovered:
D:1:      minmay_arrival_up_and_down, layout_basic,
          shapermc_ecumenical_altar_totnotflames
D:2:      layout_loops_ring, basic_altar, minmay_indecisive_spiral,
          uniq_natasha, uniq_sigmund
D:3:      layout_rooms, kennysheep_okawaru_gauntlet, fiery_altar_vehumet,
          nicolae_overflow_ecumenical_swirl
D:4:      wad_pebble_path, layout_loops_ring,
          minmay_temple_entry_gardened_gates, serial_shops, shop,
          nicolae_shop_trees, shop, shop, fountainhead
D:5:      layout_loops_ring, evilmike_ruin_ashenzari, gammafunk_ghost_mausoleum,
          nicolae_ossuary_entry_plus
D:6:      layout_basic, mainiacjoe_overflow_six_doors_small,
          minmay_misc_feat_tower, hangedman_decor_slide_cut,
          minmay_misc_feat_roman, uniq_maggie, uniq_menkaure,
          uniq_crazy_yiuf_cottage
D:7:      layout_loops_corners, serial_shops, kennysheep_mini
D:8:      layout_cave_pods, nicolae_dithmenos_through_a_glass_darkly,
          grunt_lair_entry_orc_guard_hut, serial_shops, shop, uniq_joseph,
          uniq_pikel
D:9:      layout_basic, david_orc_3, uniq_erica, uniq_maurice
D:10:     layout_roguey, serial_shops, shop
D:11:     layout_loops_ring, portal_ice_cave_entry_pillars_2
D:12:     layout_rooms
D:13:     layout_roguey, david_vaults_1
Temple:   eino_temple_rhombus
Lair:1:   layout_layer_cave, grunt_megastairs_4, uniq_nergalle
Lair:2:   layout_gridlike
Lair:3:   layout_cave_pods, serial_forest, infiniplex_forest_lined_room_2,
          infiniplex_forest_clump_small, infiniplex_forest_clump_diagonal,
          infiniplex_forest_end_2, infiniplex_forest_clump_tiny,
          infiniplex_forest_straight_2, infiniplex_forest_pool,
          infiniplex_forest_fountain, grunt_megastairs_3
Lair:4:   layout_gridlike, guppyfry_snake_entry_island,
          nicolae_spider_entry_orb_guardian, ebering_ghost_disaster_area
Spider:1: layout_chambers, nicolae_spider_circle_web, drop_trap
Spider:2: layout_spider_delve, worms_lemuel
Spider:3: layout_chambers, uniq_bai_suzhen
Spider:4: spider_rune_water, drop_trap, nicolae_spider_baby_got_redback,
          uniq_mlioglotl, uniq_asterion, uniq_arachne
Vaults:1: dpeg_vaults_monster_row, nicolae_vaults_alarming, v_misc_8,
          v_alt_pattern_4, v_alt_pattern_5, nicolae_vaults_statue_guard,
          v_misc_27, hangedman_vaults_corner_blocks, nicolae_vaults_gold_heap,
          layout_vaults_omnigrid
Vaults:2: v_misc_26, nicolae_vaults_arrows, nicolae_vaults_yaktaur_gun_rack,
          vaults_dpeg_diagonal, vaults_standard_mumra_lines, v_misc_23,
          vaults_room_guarded_vault, vaults_room_door_hall, v_misc_2,
          minmay_crypt_entry_necro_gods, ontoclasm_vaults_gateway,
          nicolae_vaults_little_squares_6, nicolae_vaults_little_squares_3,
          v_misc_13, ontoclasm_vaults_pinch, vaults_dpeg_cross,
          layout_vaults_maze_bifur
Crypt:1:  layout_chaotic_city, hellmonk_ghost_happy_afterlife, uniq_margery
Crypt:2:  layout_chaotic_city
Crypt:3:  due_elkab, layout_chaotic_city, serial_sigils,
          serial_sigils_hangedman_confine, serial_sigils_hangedman_clutch,
          serial_sigils_hangedman_quiver, st_stairs_2, uniq_jory
Tomb:1
Tomb:2:   uniq_mara

Skill      XL: |  1  2  3  4  5  6  7  8  9 10 11 12 13 14 15 16 17 18 19 |
---------------+----------------------------------------------------------+-----
Long Blades    | 2 3 4 6 7 9 10 11 12 14 15 16 17 18 | 18.0
Armour         | 3 4 5 6 8 10 12 13 14 15 | 15.4
Dodging        | 1 2 3 4 5 6 |  6.9
Shields        | 3 4 5 7 8 9 10 12 13 15 16 17 18 | 18.5
Fighting       | 4 5 6 8 9 10 11 12 13 15 16 | 16.7
Stealth        | 1 2 3 4 |  4.6
Invocations    | 1 2 3 |  3.2
Evocations     | |  0.8

Action                   |  1- 3 |  4- 6 |  7- 9 | 10-12 | 13-15 | 16-18 | 19-21 || total
-------------------------+-------+-------+-------+-------+-------+-------+-------++-------
Melee: Long sword        |   114 |   141 |   434 |   321 |       |       |       ||  1010
       Tailslap          |     5 |    17 |    75 |   112 |   168 |   366 |    39 ||   782
       Demon blade       |       |       |       |   221 |   870 |  1565 |   164 ||  2820
Invok: Disaster Area     |       |       |       |       |     1 |     1 |       ||     2
       Elemental Force   |       |       |       |       |       |     1 |       ||     1
Evoke: Phantom mirror    |       |       |       |       |     2 |     3 |     2 ||     7
       Lightning rod     |       |       |       |       |       |     2 |       ||     2
       Condenser vane    |       |       |       |       |       |     1 |       ||     1
  Use: Scroll            |     5 |     1 |    11 |    14 |    10 |     7 |    11 ||    59
       Potion            |     1 |     3 |     2 |     2 |     3 |     9 |     6 ||    26
 Stab: Distracted        |       |       |       |       |     4 |     2 |       ||     6
       Confused          |       |       |       |       |       |     2 |       ||     2
       Petrifying        |       |       |       |       |       |     3 |       ||     3
       Invisible         |       |       |       |       |       |       |     1 ||     1
Armor: Scale mail        |    96 |    91 |    43 |       |       |       |       ||   230
       Plate armour      |       |       |   233 |   274 |   320 |   215 |       ||  1042
       Pearl dragon scal |       |       |       |       |       |   255 |    75 ||   330
Dodge: Dodged            |    82 |    79 |   119 |    84 |   137 |   230 |   103 ||   834
       Repelled          |       |       |       |       |     3 |     3 |       ||     6
Block: Buckler           |    41 |    58 |   359 |   435 |   781 |  1093 |   269 ||  3036
       Reflection        |       |       |     5 |    11 |     7 |    22 |     1 ||    46

Table legend: (Time is in decaauts)
 A = Elapsed time spent in this place.
 B = Non-inter-level travel time spent in this place.
 C = Inter-level travel time spent in this place.
 D = Time resting spent in this place.
 E = Time spent auto-exploring this place.
 F = Levels seen in this place.
 G = Mean time per level.
                   A        B        C        D        E       F      G
               +--------+--------+--------+--------+--------+-----+--------+
         Total |  46299 |  42683 |   3616 |   1016 |  34610 |  31 | 1493.5 |
       Dungeon |  15719 |  13877 |   1842 |    326 |  11094 |  13 | 1209.2 |
        Temple |    154 |    140 |     14 |      0 |    127 |   1 |  154.0 |
          Lair |   5119 |   4700 |    419 |      0 |   4187 |   4 | 1279.8 |
   Spider Nest |  10059 |   9352 |    707 |     10 |   8065 |   4 | 2514.8 |
        Vaults |   4551 |   4391 |    160 |    453 |   3302 |   2 | 2275.5 |
         Crypt |   6839 |   6400 |    439 |      0 |   5272 |   3 | 2279.7 |
          Tomb |   3081 |   3046 |     35 |    174 |   2257 |   2 | 1540.5 |
         Abyss |    522 |    522 |      0 |     52 |    141 |   1 |  522.0 |
       Ossuary |    252 |    252 |      0 |      0 |    163 |   1 |  252.0 |
               +--------+--------+--------+--------+--------+-----+--------+

Top non-repeatable levels by time:
Spider:3: 3988 daAuts
 Crypt:3: 3627 daAuts
  Tomb:1: 3075 daAuts
Vaults:1: 2803 daAuts
Spider:4: 2500 daAuts
     D:7: 2366 daAuts
Spider:2: 1926 daAuts
     D:8: 1826 daAuts
Vaults:2: 1748 daAuts
     D:1: 1734 daAuts
Spider:1: 1644 daAuts
  Lair:1: 1628 daAuts
 Crypt:1: 1609 daAuts
 Crypt:2: 1603 daAuts
  Lair:3: 1444 daAuts
